[Event "Team 45 45 League T99"]
[Site "Internet Chess Club"]
[Date "2024.03.24"]
[Round "6"]
[White "garytd"]
[Black "BrerRabbit"]
[Result "1-0"]
[WhiteElo "1503"]
[BlackElo "1267"]
[Opening "Caro-Kann: two knights variation"]
[ECO "B11"]
[Time "15:00:32"]
[PlyCount "87"]
[TimeControl "2700+45"]

1. e4 c6 2. Nc3 d5 3. Nf3 dxe4 4. Nxe4 Nf6 5. Qe2 Nxe4 6. Qxe4 Nd7 7. Bc4 Nf6 8.
Ne5 e6 9. Qe2 b5 10. Bb3 Qc7 11. d4 Bd6 12. O-O a5 13. a4 b4 14. Bg5 Ba6 15. Bc4
Bxc4 16. Qxc4 Bxe5 17. dxe5 Nd5 18. Qc5 Kd7 19. Rfe1 h6 20. Bh4 g5 21. Bg3 Rhd8
22. c4 bxc3 23. bxc3 Qb6 24. Qa3 Kc7 25. Rab1 Qa7 26. c4 Nb4 27. Qf3 Kb6 28. h4
Qe7 29. Red1 Rxd1+ 30. Rxd1 Rd8 31. Rd6 Kc7 32. Qe3 Kb7 33. Qd4 Rxd6 34. exd6
Qd7 35. hxg5 hxg5 36. Qf6 g4 37. Qe7 Kc8 38. Qf8+ Kb7 39. Qg7 Na6 40. Qxg4 Nc5
41. Qd1 Qd8 42. f3 Nd7 43. Bf2 Qh4 44. Bxh4 {Black resigns} 1-0

[Event "Team 45 45 League T99"]
[Site "Internet Chess Club"]
[Date "2024.03.23"]
[Round "6"]
[White "Ostap-Bender"]
[Black "seattleblues"]
[Result "1-0"]
[WhiteElo "1266"]
[BlackElo "1326"]
[Opening "Pirc defense"]
[ECO "B07"]
[Time "14:00:37"]
[PlyCount "119"]
[TimeControl "2700+45"]

1. d4 d6 2. e4 Nf6 3. Bd3 g6 4. Nf3 Bg7 5. O-O O-O 6. c4 Nbd7 7. Nc3 e5 8. d5 a5
9. a4 Nc5 10. Bc2 Ne8 11. Be3 b6 12. Nd2 f5 13. f3 f4 14. Bf2 Nf6 15. Nb5 Rf7
16. Qe1 g5 17. h3 h5 18. Nc3 g4 19. hxg4 hxg4 20. Bh4 g3 21. Ne2 Kh7 22. Nxg3
fxg3 23. Qxg3 Qd7 24. Qg5 Bh6 25. Qf5+ Qxf5 26. exf5 Bxd2 27. Kf2 Bf4 28. Rh1
Kg8 29. g3 Bh6 30. Rh2 Ba6 31. b3 Ncd7 32. Rah1 e4 33. Bxf6 e3+ 34. Ke2 Rxf6 35.
Rxh6 Rxh6 36. Rxh6 Kg7 37. Rg6+ Kf7 38. Kxe3 Re8+ 39. Re6 Re7 40. Kf4 Nc5 41.
Rxe7+ Kxe7 42. Kg5 Nd7 43. f4 Nf6 44. Kg6 Bc8 45. Bd1 Bd7 46. g4 Be8+ 47. Kg7
Bf7 48. g5 Ne8+ 49. Kh6 Bg8 50. Bh5 Nf6 51. gxf6+ Kxf6 52. Bg6 Bf7 53. Bxf7 Kxf5
54. Kg7 Kxf4 55. Kf6 Ke4 56. Ke7 Kd4 57. Be8 Kc5 58. Kd8 Kb4 59. Kxc7 Kxb3 60.
Bb5 {Black resigns} 1-0

[Event "Team 45 45 League T99"]
[Site "Internet Chess Club"]
[Date "2024.03.22"]
[Round "6"]
[White "ticktockman"]
[Black "stantheman59"]
[Result "0-1"]
[WhiteElo "1136"]
[BlackElo "1207"]
[Opening "French defense"]
[ECO "C00"]
[Time "19:00:39"]
[PlyCount "138"]
[TimeControl "2700+45"]

1. e4 e6 2. Bc4 d5 3. exd5 exd5 4. Bb3 Nc6 5. a3 Nf6 6. Nf3 Bd6 7. O-O O-O 8.
Ba2 Re8 9. d3 h6 10. Nbd2 Bg4 11. h3 Bh5 12. b3 Re6 13. Re1 Qd7 14. Rxe6 Qxe6
15. Qe1 Qxe1+ 16. Nxe1 Be5 17. Rb1 Re8 18. Nef3 Bc3 19. Bb2 Bxb2 20. Rxb2 d4 21.
Rb1 Nd5 22. Re1 Rxe1+ 23. Nxe1 Nc3 24. Bb1 a5 25. a4 Bd1 26. Kh2 Ne2 27. f3 h5
28. g4 h4 29. Kg2 g5 30. Nc4 Nf4+ 31. Kh2 f6 32. Nb2 Be2 33. Nc4 b6 34. Nd2 Ne7
35. Ne4 Kg7 36. c4 f5 37. gxf5 Nxf5 38. Nf2 Ne3 39. Kg1 Bf1 40. Kh2 Ne2 41. Ne4
Kg6 42. c5 Nf4 43. cxb6 cxb6 44. Nf2 Ne2 45. Ne4 Nd1 46. Nd2 Ne3 47. Nc4 Nd5 48.
Ne5+ Kf5 49. Nc4 Kf4 50. Nd2 Nec3 51. Bc2 Ke3 52. Nc4+ Ke2 53. Ng2 Kxf3 54. Ne1+
Kf2 55. Nd2 Kxe1 56. Nf3+ Kf2 57. Nxg5 Ne3 58. Ne4+ Ke1 59. Nxc3 Nxc2 60. Nd5
Bxd3 61. Nxb6 Nb4 62. Nd7 Bc2 63. Nc5 d3 64. Nxd3+ Bxd3 65. Kg2 Bc2 66. Kf3 Bxb3
67. Kg4 Bxa4 68. Kxh4 Bd7 69. Kg5 Bxh3 {White resigns} 0-1